 Dungeon Crawl Stone Soup version 0.28.0-53-g5a82cb258f (webtiles) character file.

Game seed: 8672595499237509651

53 tizbic2 the Grave Robber (level 3, 0/26 HPs)
             Began as a Ghoul Necromancer on July 17, 2022.
             Slain by Terence
             ... wielding a +0 short sword
              (7 damage)
             ... on level 2 of the Dungeon.
             The game lasted 00:08:32 (2040 turns).

tizbic2 the Grave Robber (Ghoul Necromancer)        Turns: 2040, Time: 00:08:32

Health: 0/26       AC:  7    Str: 12 (13) XL:     3   Next: 87%
Magic:  2/4        EV: 10    Int:  9 (10) God:
Gold:   68         SH:  0    Dex:  7 (9)  Spells: 1/5 levels left

rFire   . . .      SeeInvis .   h - staff of air
rCold   + . .      Faith    .   (no shield)
rNeg    + + +      Spirit   .   c - +0 ring mail
rPois   ∞          Reflect  .   (no helmet)
rElec   +          Harm     .   g - +0 cloak
rCorr   .          Rampage  .   (no gloves)
Will    .....                   d - +0 pair of boots
Stlth   +.........              (no amulet)
HPRegen 0.00/turn               (no ring)
MPRegen 0.09/turn               (no ring)

@: inhibited regen
A: claws 1, cold resistance 1, negative energy resistance 3, inhibited
regeneration, torment resistance 2
a: no special abilities


You were on level 2 of the Dungeon.
You visited 1 branch of the dungeon, and saw 2 of its levels.

You collected 68 gold pieces.

Inventory:

Missiles
 e - 22 stones
Armour
 c - a +0 ring mail (worn)
 d - a +0 pair of boots (worn)
 g - a +0 cloak (worn)
 i - a +0 plate armour
Magical Staves
 h - a staff of air (weapon)
Scrolls
 f - a scroll of blinking
Potions
 b - a potion of resistance {unknown}


   Skills:
 * Level 2.2 Armour
 - Level 1.8 Dodging
 - Level 2.2 Stealth
 + Level 1.9 Spellcasting
 + Level 4.4 Necromancy


You had one spell level left.
You knew the following spells:

 Your Spells              Type           Power      Damage    Failure   Level
a - Pain                  Necr           32%        1d5       12%         1
b - Vampiric Draining     Necr           8%         2d6       34%         3

Your spell library contained the following spells:

 Spells                   Type           Power      Damage    Failure   Level
 Animate Skeleton         Necr           16%        N/A       12%         1
 Animate Dead             Necr           4%         N/A       75%         4
 Agony                    Necr           8%         N/A       97%         5


Dungeon Overview and Level Annotations

Branches:
Dungeon (2/15)

Altars:

Shops:
D:1 !

Annotations:
D:2 Terence


Innate Abilities, Weirdness & Mutations

You thrive by killing the living.
You are immune to poison.
You have sharp fingernails.
Your flesh is cold resistant. (rC+)
You are immune to negative energy. (rN+++)
You do not regenerate when monsters are visible.
You are immune to unholy pain and torment.


Message History

Terence hits you with a +0 short sword. x2
You hit Terence.
Terence is heavily wounded.
Terence hits you but does no damage.
You hit Terence but do no damage.
Terence is heavily wounded.
Terence completely misses you.
You barely miss Terence.
Terence is heavily wounded.
Terence hits you with a +0 short sword.
You closely miss Terence.
Terence is heavily wounded.
Terence misses you.
You hit Terence but do no damage.
Terence is heavily wounded.
Terence barely misses you. Terence hits you with a +0 short sword.
Casting: Pain (safe; 11% risk of failure)
Confirm with . or Enter, or press ? or * to list all spells.
You don't have enough magic to cast this spell.
Casting: Pain (safe; 11% risk of failure)
Confirm with . or Enter, or press ? or * to list all spells.
You don't have enough magic to cast this spell.
It was a potion of mutation.
You feel extremely strange.
Your body decomposes!
You feel clumsy.
Your body decomposes!
You feel dopey.
Your body decomposes!
You feel weakened.
Your body decomposes!
You feel clumsy. Terence hits you with a +0 short sword.
* * * LOW HITPOINT WARNING * * *
You closely miss Terence.
Terence is heavily wounded.
Terence barely misses you.
You closely miss Terence.
Terence is heavily wounded.
Terence hits you with a +0 short sword!
You die...

#.#)# ##.#.#...##
..#.#####........#
###.....)..######
######.####.....#
.##....##....##.#
..#.#####.....###
....... #......##
..#.###.........######.#
K##.# ###.......@@......
#.... #......##.#.####
#..... ...#...## .#
......##..##.## .#
#....> #. #. .# ......
#. .. ## .. . .#


You could see Terence.

Vanquished Creatures
  2 dart slugs (D:1)
  An orc (D:2)
  2 bats
  5 endoplasms (D:1)
  A giant cockroach (D:1)
  6 goblins
  2 hobgoblins (D:1)
  4 jackals (D:1)
  5 kobolds
  A quokka (D:1)
  7 ball pythons
  2 frilled lizards (D:1)
  5 rats
43 creatures vanquished.

Notes
Turn   | Place    | Note
-------+----------+-------------------------------------------
     0 | D:1      | tizbic2 the Ghoul Necromancer began the quest for the Orb.
     0 | D:1      | Reached XP level 1. HP: 14/14 MP: 2/2
   635 | D:1      | Reached XP level 2. HP: 15/20 MP: 3/3
   673 | D:1      | Reached skill level 1 in Armour
   876 | D:1      | Found Vohutewk's Distillery.
   999 | D:1      | Reached XP level 3. HP: 16/26 MP: 0/4
  1175 | D:1      | Learned a level 3 spell: Vampiric Draining
  2026 | D:2      | Noticed Terence
  2040 | D:2      | Slain by Terence

Illustrated notes

Levels and vault maps discovered:
D:1:      minmay_arrival_diagonal_passages, layout_basic, serial_shops, shop,
          lemuel_another_geyser
D:2:      layout_loops_ring, roderic_st_hans_cross, minivault_24,
          amcnicky_mini_pool_small, minmay_cut_off, uniq_terence

Skill      XL: |  1  2  3 |
---------------+----------+-----
Armour         | 1 2 |  2.2
Dodging        | |  1.8
Stealth        | |  2.2
Spellcasting   | |  1.9
Necromancy     | |  4.4

Action                   || total
-------------------------++-------
Melee: Club              ||   102
       Unarmed           ||    12
       Staff             ||    52
       Punch             ||     2
 Cast: Pain              ||    47
       Vampiric Draining ||     1
  Use: Scroll            ||     1
       Potion            ||     1
Armor: Ring mail         ||    77
       Robe              ||     3
Dodge: Dodged            ||   119
